 Dungeon Crawl Stone Soup version 0.30-a0-414-gcb316572d5 (webtiles) character file.

Game seed: 437598478097573479

79 whiskeysaurus the Conjurer (level 4, -8/33 HPs)
             Began as a Draconian Conjurer on Dec 7, 2022.
             Mangled by an iguana (12 damage)
             ... on level 2 of the Dungeon.
             The game lasted 00:03:47 (1647 turns).

whiskeysaurus the Conjurer (Draconian Conjurer)     Turns: 1647, Time: 00:03:48

Health: -8/33      AC:  5    Str: 10    XL:     4   Next: 16%
Magic:  3/7        EV: 12    Int: 20    God:
Gold:   38         SH:  0    Dex:  9    Spells: 5/8 levels left

rFire   . . .      SeeInvis .    (no weapon)
rCold   . . .      Faith    .    (no shield)
rNeg    . . .      Spirit   .    (body armour unavailable)
rPois   .          Reflect  .    (helmet restricted)
rElec   .          Harm     .    (no cloak)
rCorr   .          Rampage  .    (no gloves)
Will    .....                    (no boots)
Stlth   ++........               (no amulet)
HPRegen 0.25/turn                (no ring)
MPRegen 0.10/turn                (no ring)

@: no status effects
A: AC +5, unfitting armour, cold-blooded
a: no special abilities


You were on level 2 of the Dungeon.
You visited 1 branch of the dungeon, and saw 2 of its levels.

You collected 38 gold pieces.

Inventory:

Scrolls
 b - a scroll of identify {unknown}
 c - a scroll of blinking {unknown}
 d - a scroll of fog {unknown}
 e - 2 scrolls of fear {unknown}
Potions
 a - a potion of magic
 f - a potion of curing {unknown}
 g - a potion of flight {unknown}
 h - a potion of brilliance {unknown}
 i - a potion of mutation {unknown}
 j - a potion of cancellation {unknown}


   Skills:
 + Level 2.4 Dodging
 + Level 2.5 Stealth
 + Level 2.6 Spellcasting
 + Level 4.4 Conjurations
 + Level 1.0 Translocations


You had 5 spell levels left.
You knew the following spells:

 Your Spells              Type           Power      Damage    Failure   Level
a - Magic Dart            Conj           80%        1d7       2%          1
b - Searing Ray           Conj           40%        2d5       3%          2

Your spell library contained the following spells:

 Spells                   Type           Power      Damage    Failure   Level
 Momentum Strike          Conj/Tloc      26%        3d8       8%          2
 Blink                    Tloc           12%        N/A       14%         2
 Dazzling Flash           Conj/Hex       22%        N/A       19%         3
 Lesser Beckoning         Tloc           12%        N/A       28%         3
 Iskenderun's Mystic Bla  Conj/Tloc      13%        2d5       43%         4
 Fulminant Prism          Conj/Hex       5%         3d7       52%         4


Dungeon Overview and Level Annotations

Branches:
Dungeon (2/15)

Altars:


Innate Abilities, Weirdness & Mutations

Your plain brown scales are hard. (AC +5)
You cannot fit into any form of body armour.
You are cold-blooded and may be slowed by cold attacks.


Message History

The bat hits you but does no damage.
There is a stone staircase leading down here.
The bat barely misses you. The bat hits you but does no damage.
The bat attacks as you move away! The bat misses you. The bat hits you.
The bat barely misses you.
Casting: Magic Dart (safe; 2% risk of failure)
Confirm with . or Enter, or press ? or * to list all spells.
Aiming: Searing Ray (safe; 3% risk of failure)
Press: ? - help, Shift-Dir - straight line, f/p - iguana
Aim: an iguana (81% to hit)
The searing ray misses the bat.
The searing ray misses the iguana. (Press . to maintain the ray.)
The bat closely misses you.
The searing ray hits the bat!
You kill the bat!
The searing ray misses the iguana.
The searing ray hits the frilled lizard!
You kill the frilled lizard!
The searing ray hits the iguana but does no damage.
The iguana bites you!
The searing ray hits the iguana.
The iguana is lightly wounded.
You finish channelling your searing ray.
The iguana bites you. The iguana bites you!
Casting: Searing Ray (safe; 3% risk of failure)
Confirm with . or Enter, or press ? or * to list all spells.
Okay, then.
You see here the felid skeleton of Natasha.
The iguana attacks as you move away! The iguana closely misses you.
The iguana attacks as you move away! The iguana bites you!
* * * LOW HITPOINT WARNING * * *
The iguana attacks as you move away! The iguana bites you.
* * * LOW HITPOINT WARNING * * *
The iguana attacks as you move away! The iguana barely misses you.
The iguana attacks as you move away! The iguana bites you.
* * * LOW HITPOINT WARNING * * *
The iguana attacks as you move away! The iguana bites you!
You die...

#.## #..# ##.##
#..# ##.##
#..######
##......#
######l# #@#
#.## #..# ##.#
#.## #..##
##..## ######
##..## #....#
##..######....#


You could see an iguana.

Vanquished Creatures
  Natasha (D:2)
  2 dart slugs (D:1)
  3 endoplasms
  5 goblins
  7 hobgoblins
  2 quokkas
  A ball python (D:1)
  A bat (D:2)
  2 frilled lizards (D:2)
  5 kobolds
  A rat (D:1)
30 creatures vanquished.

Vanquished Creatures (others)
  Natasha (D:2)
1 creature vanquished.

Grand Total: 31 creatures vanquished

Notes
Turn   | Place    | Note
-------+----------+-------------------------------------------
     0 | D:1      | whiskeysaurus the Draconian Conjurer began the quest for
                  | the Orb.
     0 | D:1      | Reached XP level 1. HP: 14/14 MP: 3/3
   141 | D:1      | Reached XP level 2. HP: 12/20 MP: 1/5
   931 | D:2      | Noticed Natasha
   934 | D:2      | Noticed a crimson imp
   941 | D:2      | Killed Natasha
   942 | D:2      | Reached XP level 3. HP: 25/26 MP: 1/6
  1101 | D:2      | Learned a level 2 spell: Searing Ray
  1368 | D:2      | Noticed Natasha
  1378 | D:2      | Killed Natasha
  1379 | D:2      | Reached skill level 1 in Translocations
  1379 | D:2      | Reached XP level 4. HP: 28/33 MP: 1/7
  1647 | D:2      | Mangled by an iguana

Illustrated notes

Levels and vault maps discovered:
D:1:      minmay_arrival_arboretum_large, layout_loops_ring, minmay_crystal_room
D:2:      layout_basic, minmay_misc_feat_enclosed, uniq_natasha

Skill      XL: |  1  2  3 |
---------------+----------+-----
Dodging        | 2 |  2.4
Stealth        | 2 |  2.5
Translocations | 1 |  1.0
Spellcasting   | |  2.6
Conjurations   | |  4.4

Action                   |  1- 3 |  4- 6 || total
-------------------------+-------+-------++-------
Melee: Unarmed           |    20 |       ||    20
       Tailslap          |     2 |       ||     2
       Punch             |     1 |       ||     1
 Cast: Magic Dart        |    57 |     5 ||    62
       Searing Ray       |     1 |     1 ||     2
 Stab: Sleeping          |     1 |       ||     1
Armor: Skin              |     6 |    10 ||    16
Dodge: Dodged            |    15 |    21 ||    36

Table legend: (Time is in decaauts)
 A = Elapsed time spent in this place.
 B = Non-inter-level travel time spent in this place.
 C = Inter-level travel time spent in this place.
 D = Time resting spent in this place.
 E = Time spent auto-exploring this place.
 F = Levels seen in this place.
 G = Mean time per level.
                   A        B        C        D        E       F      G
               +--------+--------+--------+--------+--------+-----+--------+
         Total |   1652 |   1628 |     24 |    303 |   1117 |   2 |  826.0 |
       Dungeon |   1652 |   1628 |     24 |    303 |   1117 |   2 |  826.0 |
               +--------+--------+--------+--------+--------+-----+--------+

Top non-repeatable levels by time:
     D:1: 869 daAuts
     D:2: 783 daAuts
